 Dungeon Crawl Stone Soup version 0.20.0-7-g3b7b877 (webtiles) character file.

93 McKennaii the Sneak (level 4, -9/30 HPs)
             Began as an Octopode Assassin on May 29, 2017.
             Killed from afar by Sigmund (10 damage)
             ... with a puff of flame
             ... on level 2 of the Dungeon.
             The game lasted 00:01:31 (1229 turns).

McKennaii the Sneak (Octopode Assassin)             Turns: 1229, Time: 00:01:32

Health: -9/30      AC:  1    Str: 10    XL:     4   Next: 61%
Magic:  4/4        EV: 13    Int: 13    God:
Gold:   141        SH:  0    Dex: 14    Spells: 3/3 levels left

rFire    . . .     SeeInvis .   a - +2 dagger
rCold    . . .     Gourm    .   (no shield)
rNeg     . . .     Faith    .   (helmet restricted)
rPois    .         Spirit   .   (no amulet)
rElec    .         Reflect  .   (no ring)
rCorr    .         Harm     .   (no ring)
MR       .....                  (no ring)
Stlth    ++++......             (no ring)
Regen    0.1/turn               (no ring)
MPRegen  0.1/turn               (no ring)
                                (no ring)
                                (no ring)

@: no status effects
A: almost no armour, stealthy swim, amphibious, 8 rings, constrict 8, camouflage
1, gelatinous body 1
a: no special abilities


You were on level 2 of the Dungeon.
You were not hungry.

You visited 1 branch of the dungeon, and saw 2 of its levels.

You collected 141 gold pieces.

Inventory:

Hand Weapons
 a - a +2 dagger (weapon)
 b - a +0 blowgun
Missiles
 c - 8 poisoned needles
 d - 2 curare-tipped needles
Scrolls
 e - 2 scrolls of blinking {unknown}
 h - 2 scrolls of random uselessness {unknown}
 i - a scroll of magic mapping {unknown}
 j - a scroll of teleportation {unknown}
 m - a scroll of noise {unknown}
 n - a scroll of recharging {unknown}
 o - a scroll of remove curse {unknown}
 r - a scroll of identify {unknown}
Potions
 g - a potion of lignification {unknown}
 k - a potion of curing
 l - a potion of haste {unknown}
 q - a potion of berserk rage {unknown}
 s - a potion of magic {unknown}
Comestibles
 f - 2 bread rations
 p - a chunk of flesh


   Skills:
 + Level 2.7 Fighting
 + Level 3.1 Short Blades
 + Level 2.1 Throwing
 + Level 1.2 Dodging
 + Level 6.4 Stealth


You had 3 spell levels left.
You didn't know any spells.

Dungeon Overview and Level Annotations

Branches:
Dungeon (2/15)

Altars:

Annotations:
D:2 Sigmund


Innate Abilities, Weirdness & Mutations

You cannot wear most types of armour.
You are very stealthy in the water. (Stealth+)
You are amphibious.
You can wear up to eight rings at the same time.
You can use your tentacles to constrict eight enemies at once.
Your skin changes colour to match your surroundings (Stealth+).
Your rubbery body absorbs attacks. (AC +1, EV +1)


Message History

You are too injured to fight recklessly!
You hit Sigmund.
Sigmund is severely wounded.
You constrict Sigmund, but do no damage.
You hit Sigmund.
Sigmund is almost dead.
You constrict Sigmund.
Sigmund drinks a potion.
Sigmund is healed!
You hit Sigmund. You squeeze Sigmund.
Sigmund is severely wounded.
You constrict Sigmund. Sigmund hits you with a scythe!
* * * LOW HITPOINT WARNING * * *
You hit Sigmund but do no damage.
Sigmund is severely wounded.
You constrict Sigmund. You hit Sigmund.
Sigmund is almost dead.
You constrict Sigmund. Sigmund casts a spell at you.
The puff of flame hits you!
You die...

#.. #.# #... #.# #%..
#.### ## .. #... #...
..#.# ###...##.$#
#.#.# .......#..#
#(#.# #..$.#..#####.#
#.#.# #.(........#
#.#.#
#.##@#######.#.##.#.#
#..#@# ......†...
#..#.# #.#.####.#
##.#.# #...<...
#########.#.#..
.........
#.........#.#.#
.......##
.#####.###.#.#
########.#
#...#...#.#
#(†......#
#.#.#...#.#
##.#####..##


You could see Sigmund.

Vanquished Creatures
  A gnoll (D:1)
  4 adders (D:2)
  An ooze (D:1)
  2 leopard geckos (D:1)
  2 giant cockroaches
  7 goblins
  6 hobgoblins
  A kobold (D:2)
  6 bats
  4 frilled lizards
  9 rats
43 creatures vanquished.

Notes
Turn   | Place    | Note
-------+----------+-------------------------------------------
     0 | D:1      | McKennaii the Octopode Assassin began the quest for the Orb.
     0 | D:1      | Reached XP level 1. HP: 14/14 MP: 1/1
   230 | D:1      | Reached XP level 2. HP: 19/19 MP: 2/2
   373 | D:1      | Reached skill level 6 in Stealth
   373 | D:1      | Reached XP level 3. HP: 25/25 MP: 3/3
   797 | D:2      | Reached XP level 4. HP: 13/30 MP: 4/4
  1217 | D:2      | Noticed Sigmund
  1227 | D:2      | HP: 1/30 [Sigmund/scythe (7)]
  1229 | D:2      | Killed from afar by Sigmund

Skill      XL: |  1  2  3  4 |
---------------+-------------+-----
Stealth        | 6 |  6.4
Short Blades   | 3 |  3.1
Fighting       | |  2.7
Throwing       | |  2.1
Dodging        | |  1.2

Action                   |  1- 3 |  4- 6 || total
-------------------------+-------+-------++-------
Melee: Dagger            |    52 |    26 ||    78
       Constrict         |     9 |     3 ||    12
       Tentacles         |     5 |     2 ||     7
 Stab: Sleeping          |     9 |     7 ||    16
  Eat: Chunk             |       |     1 ||     1
Armor: Skin              |     4 |       ||     4
Dodge: Dodged            |    19 |     6 ||    25
